[Event "Team 45 45 League T90"]
[Site "Internet Chess Club"]
[Date "2021.10.10"]
[Round "1"]
[White "Denis240964"]
[Black "Conjurer"]
[Result "1-0"]
[WhiteElo "1369"]
[BlackElo "1144"]
[Opening "Sicilian defense"]
[ECO "B30"]
[Time "13:22:07"]
[TimeControl "2700+45"]

1. e4 c5 2. Nf3 Nc6 3. d3 e5 4. Nc3 Nf6 5. Bg5 Be7 6. Be2 O-O 7. O-O h6 8. Bh4
d5 9. Bxf6 Bxf6 10. Nxd5 Be6 11. Nxf6+ Qxf6 12. c3 Rad8 13. Qc2 b5 14. b3 Qg6
15. Kh1 f5 16. Nh4 Qh7 17. exf5 Bxf5 18. Nxf5 Qxf5 19. Rad1 c4 20. Qb1 e4 21. d4
Rd6 22. f3 e3 23. Qxf5 Rxf5 24. bxc4 b4 25. d5 bxc3 26. dxc6 Rxc6 27. Rc1 Ra5
28. Rxc3 Re6 29. c5 Rxa2 30. Bc4 Rf2 31. Bxe6+ Kf8 32. Rcc1 e2 33. Rxf2 {Black
resigns} 1-0

[Event "Team 45 45 League T90"]
[Site "Internet Chess Club"]
[Date "2021.10.08"]
[Round "1"]
[White "MrAbendroth"]
[Black "Signofthetimes"]
[Result "1/2-1/2"]
[WhiteElo "1671"]
[BlackElo "1557"]
[Opening "Caro-Kann: two knights variation"]
[ECO "B11"]
[Time "09:02:47"]
[TimeControl "2700+45"]

1. e4 c6 2. Nc3 d5 3. Nf3 a6 4. d4 dxe4 5. Nxe4 Bg4 6. Bc4 e6 7. c3 Nd7 8. O-O
Ngf6 9. Bg5 Be7 10. Nxf6+ Bxf6 11. Bxf6 Qxf6 12. Be2 O-O 13. Re1 Bxf3 14. Bxf3
Rad8 15. Qb3 Rb8 16. Rad1 Qd8 17. c4 Qb6 18. Qc2 Nf6 19. Rd3 Rfd8 20. Red1 Rd7
21. d5 exd5 22. cxd5 Nxd5 23. Bxd5 Rxd5 24. Rxd5 cxd5 25. Rxd5 {Game drawn by
mutual agreement} 1/2-1/2

[Event "Team 45 45 League T90"]
[Site "Internet Chess Club"]
[Date "2021.10.09"]
[Round "1"]
[White "Kingofknights"]
[Black "evan7284"]
[Result "1/2-1/2"]
[WhiteElo "1502"]
[BlackElo "1627"]
[Opening "QGD: 4.Bg5 Be7"]
[ECO "D53"]
[Time "10:30:31"]
[TimeControl "2700+45"]

1. d4 d5 2. c4 e6 3. Nc3 Nf6 4. Bg5 Be7 5. e3 c6 6. Nf3 Nbd7 7. cxd5 exd5 8. Bd3
h6 9. Bh4 O-O 10. O-O Qc7 11. Bg3 Bd6 12. Bxd6 Qxd6 13. a3 Re8 14. Re1 Ne4 15.
Qc2 Ndf6 16. b4 Nxc3 17. Qxc3 Ne4 18. Qc2 a6 19. Ne5 Nf6 20. Rab1 Ng4 21. Nf3
Nf6 22. a4 Bd7 23. Ne5 Rac8 24. Qc5 Qe6 25. h3 Ne4 26. Bxe4 dxe4 27. Red1 f6 28.
Nxd7 Qxd7 29. a5 Qd5 30. Rdc1 Rcd8 31. Qxd5+ Rxd5 32. Rc5 Rd7 33. Rb3 g6 34. h4
Kf7 35. g3 f5 36. Kg2 Kf6 37. f4 exf3+ 38. Kxf3 Re4 39. Rb2 {Game drawn by
mutual agreement} 1/2-1/2

[Event "Team 45 45 League T90"]
[Site "Internet Chess Club"]
[Date "2021.10.09"]
[Round "1"]
[White "chesskix"]
[Black "scostanzo212"]
[Result "0-1"]
[WhiteElo "1392"]
[BlackElo "1530"]
[Opening "English: symmetrical, Botvinnik system"]
[ECO "A36"]
[Time "20:00:47"]
[TimeControl "2700+45"]

1. c4 c5 2. Nc3 Nc6 3. g3 g6 4. Bg2 Bg7 5. e4 Nf6 6. d3 O-O 7. Nge2 d6 8. h3 Rb8
9. O-O a6 10. Rb1 b5 11. e5 Nxe5 12. f4 Ned7 13. b3 Bb7 14. Nd5 Nxd5 15. cxd5
Nf6 16. Bb2 Nxd5 17. Bxd5 Bxd5 18. Bxg7 Kxg7 19. Nc3 Bb7 20. Ne4 Qd7 21. Kh2 Qc6
22. Qe2 Rfe8 23. h4 h5 24. Ng5 Bc8 25. Qb2+ Kg8 26. Rbc1 Qd5 27. Qc3 Bf5 28. Ne4
Bxe4 29. dxe4 Qxe4 30. Rfe1 Qb7 31. Rcd1 Rbc8 32. Qd3 c4 33. bxc4 bxc4 34. Qc3
d5 35. Qf3 Rcd8 36. f5 e6 37. fxg6 fxg6 38. Qf6 Qf7 39. Qg5 Qf5 40. Rf1 Qxg5 41.
hxg5 Rf8 42. Rf6 Rxf6 43. gxf6 Kf7 44. Rf1 c3 45. Rf2 d4 46. Rc2 d3 47. Rxc3 d2
48. Rc7+ Kxf6 {White resigns} 0-1

[Event "Team 45 45 League T90"]
[Site "Internet Chess Club"]
[Date "2021.10.10"]
[Round "1"]
[White "tightfist"]
[Black "tamky70"]
[Result "1-0"]
[WhiteElo "1367"]
[BlackElo "1225"]
[Opening "Nimzovich-Larsen attack: Indian variation"]
[ECO "A01"]
[Time "21:31:14"]
[TimeControl "2700+45"]

1. b3 Nf6 2. d4 d5 3. Bb2 c6 4. e3 e6 5. Nf3 Nbd7 6. Nbd2 Be7 7. Bd3 a6 8. O-O
O-O 9. c4 h6 10. Qc2 Nb6 11. e4 dxe4 12. Nxe4 Nxe4 13. Bxe4 Bf6 14. Rad1 Qc7 15.
Ne5 Nd7 16. Ba3 Rd8 17. Bh7+ Kh8 18. Nxf7# {Black checkmated} 1-0

[Event "Team 45 45 League T90"]
[Site "Internet Chess Club"]
[Date "2021.10.10"]
[Round "1"]
[White "primerpaso"]
[Black "kidcobra"]
[Result "1-0"]
[WhiteElo "1921"]
[BlackElo "1830"]
[Opening "English, Kramnik-Shirov counterattack"]
[ECO "A21"]
[Time "14:09:49"]
[TimeControl "2700+45"]

1. c4 e5 2. Nc3 Bb4 3. g3 Bxc3 4. bxc3 Nf6 5. Bg2 O-O 6. e4 c5 7. Ne2 Nc6 8. O-O
d6 9. d3 h6 10. h3 Nh7 11. f4 f5 12. exf5 Bxf5 13. g4 Be6 14. Be3 Qd7 15. Qd2
exf4 16. Nxf4 Rae8 17. Nxe6 Qxe6 18. Bd5 Qxd5 19. cxd5 Ne5 20. Kg2 Nf6 21. Rae1
b5 22. Bf4 {Black resigns} 1-0

[Event "Team 45 45 League T90"]
[Site "Internet Chess Club"]
[Date "2021.10.13"]
[Round "1"]
[White "MrAbendroth"]
[Black "QuieroAprender"]
[Result "0-1"]
[WhiteElo "1652"]
[BlackElo "1583"]
[Opening "Ruy Lopez: Anderssen variation"]
[ECO "C77"]
[Time "14:00:16"]
[TimeControl "2700+45"]

1. e4 e5 2. Nf3 Nc6 3. Bb5 a6 4. Ba4 Nf6 5. d3 b5 6. Bb3 Be7 7. O-O O-O 8. c3 d5
9. Qe2 Be6 10. Ng5 Bg4 11. f3 Bh5 12. Nh3 h6 13. exd5 Nxd5 14. Qe4 Bc5+ 15. d4
Nxd4 16. cxd4 Bxd4+ 17. Kh1 c6 18. Na3 a5 19. Qe1 a4 20. Bxd5 Qxd5 21. Nc2 c5
22. Be3 Bxb2 23. Rb1 Qxa2 24. Bxc5 Rfc8 25. Nb4 Qb3 26. Qf2 a3 27. g4 Bg6 28.
Rbd1 a2 29. Nxa2 Qxa2 30. Rd2 Qc4 31. Be3 Bc3 32. Rdd1 Bd3 33. Rg1 Ra2 34. Qh4
Be2 35. Rd8+ Rxd8 36. Qxd8+ Kh7 37. Rg3 Ra1+ 38. Bg1 Be1 39. Ng5+ hxg5 40. Rh3+
Bh4 41. Rxh4+ gxh4 42. Qxh4+ Kg6 43. Qh5+ Kf6 44. Qf5+ Ke7 45. Qxe5+ Qe6 46. Qc3
Rd1 47. Kg2 Bf1+ 48. Kg3 Qe1+ {White resigns} 0-1

[Event "Team 45 45 League T90"]
[Site "Internet Chess Club"]
[Date "2021.10.07"]
[Round "1"]
[White "Portola"]
[Black "marioseixas1992"]
[Result "1-0"]
[WhiteElo "1697"]
[BlackElo "1333"]
[Opening "King's Indian: East Indian defense"]
[ECO "A48"]
[Time "17:34:52"]
[TimeControl "2700+45"]

1. d4 Nf6 2. Nf3 g6 3. c3 Bg7 4. Bf4 O-O 5. h3 d6 6. Nbd2 c5 7. e3 cxd4 8. exd4
Nbd7 9. Be2 Nh5 10. Bh2 f5 11. Bc4+ Kh8 12. Ng5 e5 13. Ne6 Qb6 14. Nxf8 Nxf8 15.
Qb3 exd4 16. Qxb6 axb6 17. Nb1 Be6 18. Bxe6 Nxe6 19. Bxd6 Rd8 20. Bb4 Nhf4 21.
O-O Nd3 22. Ba3 b5 23. Rd1 dxc3 24. Nxc3 b4 25. Bxb4 Nxb4 26. Rxd8+ Nxd8 27. Rd1
Ndc6 28. a3 Na6 29. Rd7 Nc5 30. Rd2 Bxc3 31. bxc3 Na4 32. Rd3 b5 33. f4 Na5 34.
Rd8+ Kg7 35. Rd7+ Kh6 36. g4 fxg4 37. hxg4 Nxc3 38. Kg2 Nc4 39. g5+ Kh5 40. Kh3
{Black resigns} 1-0

[Event "Team 45 45 League T90"]
[Site "Internet Chess Club"]
[Date "2021.10.11"]
[Round "1"]
[White "gduranko"]
[Black "VictorRed"]
[Result "0-1"]
[WhiteElo "1397"]
[BlackElo "1638"]
[Opening "Sicilian: closed"]
[ECO "B23"]
[Time "17:06:50"]
[TimeControl "2700+45"]

1. e4 c5 2. Nc3 e6 3. f4 Nc6 4. Nf3 d5 5. Bb5 d4 6. Ne2 Bd7 7. Bxc6 Bxc6 8. d3
Be7 9. O-O Nf6 10. h3 Nd7 11. Qe1 Qc7 12. Ng3 O-O-O 13. Bd2 f6 14. f5 e5 15. a4
g5 16. fxg6 hxg6 17. Ba5 b6 18. Bd2 Rdg8 19. a5 b5 20. b4 a6 21. bxc5 Nxc5 22.
Qe2 Rh7 23. Rfb1 Bd7 24. Qf1 f5 25. Ng5 Bxg5 26. Bxg5 f4 27. Ne2 Rh5 28. h4 Ne6
29. Rb4 Nxg5 30. hxg5 Rxg5 31. c4 Rf8 32. cxb5 Qd6 33. Rc4+ Kd8 34. Qc1 Bxb5 35.
Rc8+ Kd7 36. Rxf8 Qxf8 37. Qd2 Rg4 38. Kf2 Qh6 39. Ng1 Qg5 40. Kf1 Rg3 41. Nf3
Qh5 42. Kf2 Rxf3+ 43. gxf3 Qh2+ 44. Ke1 Qg1+ 45. Ke2 Qxa1 46. Qc2 Qxa5 47. Qb3
Bxd3+ 48. Kxd3 Qb5+ 49. Qc4 Qxc4+ 50. Kxc4 Kd6 {White resigns} 0-1

[Event "Team 45 45 League T90"]
[Site "Internet Chess Club"]
[Date "2021.10.08"]
[Round "1"]
[White "jaboti"]
[Black "ElValero"]
[Result "1/2-1/2"]
[WhiteElo "1732"]
[BlackElo "1619"]
[Opening "QGD: Orthodox defense, Swiss (Henneberger) variation"]
[ECO "D63"]
[Time "14:00:29"]
[TimeControl "2700+45"]

1. Nf3 d5 2. d4 Nf6 3. c4 e6 4. Nc3 Be7 5. Bg5 Nbd7 6. e3 O-O 7. Rc1 a6 8. c5 c6
9. Bd3 e5 10. dxe5 Ne8 11. h4 Nxc5 12. Bb1 g6 13. Nxd5 Bxg5 14. hxg5 Qa5+ 15. b4
Nd3+ 16. Qxd3 Qxd5 17. Qxd5 cxd5 18. O-O Ng7 19. Nd4 Rd8 20. Bd3 Ne6 21. Nxe6
Bxe6 22. Rc7 d4 23. exd4 Rxd4 24. Bb1 Rxb4 25. Rfc1 Rd8 26. Re1 Rd2 27. Rec1
Rbb2 28. Be4 b5 29. a3 Rxf2 30. Bf3 a5 31. R7c5 Rfd2 32. a4 b4 33. Rxa5 b3 34.
Rc6 Rbc2 35. Rb6 Rd8 36. Kh2 Kg7 37. Ra7 Kf8 38. a5 Ra2 39. a6 b2 40. Rab7 Ra8
41. Rxb2 Rxb2 42. Rxb2 Rxa6 43. Kg3 Ra5 44. Kf4 Ra4+ 45. Ke3 Kg7 46. Rd2 h6 47.
gxh6+ Kxh6 48. Be4 {Game drawn by mutual agreement} 1/2-1/2

[Event "Team 45 45 League T90"]
[Site "Internet Chess Club"]
[Date "2021.10.10"]
[Round "1"]
[White "kabindra"]
[Black "Packerfan"]
[Result "1-0"]
[WhiteElo "1728"]
[BlackElo "1758"]
[Opening "Bishop's opening/Petrov: Urusov gambit"]
[ECO "C24"]
[Time "16:30:25"]
[TimeControl "2700+45"]

1. e4 e5 2. Bc4 Nf6 3. d4 exd4 4. Nf3 Nxe4 5. Qxd4 Nf6 6. Nc3 Nc6 7. Qh4 Be7 8.
Bg5 O-O 9. O-O-O d6 10. Bd3 g6 11. Rhe1 Be6 12. Bf5 gxf5 13. g4 fxg4 14. Rg1 Kh8
15. h3 gxf3 16. Rg3 Ne5 17. Ne4 Ng6 18. Bxf6+ Bxf6 19. Qxf6+ Qxf6 20. Nxf6 Ne5
21. Rdg1 Bf5 22. h4 h6 23. Rg7 Bg6 24. R1xg6 fxg6 25. Rh7# {Black checkmated}
1-0

[Event "Team 45 45 League T90"]
[Site "Internet Chess Club"]
[Date "2021.10.08"]
[Round "1"]
[White "ivanson"]
[Black "julesraider"]
[Result "1-0"]
[WhiteElo "1614"]
[BlackElo "1534"]
[Opening "Sicilian: Alapin's variation (2.c3)"]
[ECO "B22"]
[Time "16:03:27"]
[TimeControl "2700+45"]

1. e4 c5 2. c3 Nf6 3. e5 Nd5 4. Nf3 Nc6 5. d4 d6 6. dxc5 dxc5 7. Bc4 e6 8. O-O
Be7 9. Nbd2 O-O 10. Ne4 Na5 11. Be2 Qc7 12. c4 Nb4 13. Bf4 Rd8 14. Qb1 Bd7 15.
Neg5 g6 16. Bd2 Bc6 17. Bxb4 cxb4 18. h4 b6 19. Qc2 Kg7 20. Rad1 Nb7 21. Nd4
Bxg5 22. Nxc6 Rxd1 23. Rxd1 Bxh4 24. Nxb4 Qxe5 25. Rd7 Na5 26. Qd2 Bg5 27. Qc2
Qc5 28. a3 Qf5 29. Bd3 Qe5 30. Be4 Rd8 31. Rxa7 Bf6 32. b3 Qa1+ 33. Kh2 Be5+ 34.
g3 h5 35. Bxg6 Rf8 36. Bxh5 Qd4 37. Qg6+ Kh8 38. Qh6+ Kg8 39. Bxf7+ Rxf7 40.
Ra8+ Rf8 41. Rxf8# {Black checkmated} 1-0

[Event "Team 45 45 League T90"]
[Site "Internet Chess Club"]
[Date "2021.10.09"]
[Round "1"]
[White "Andressa"]
[Black "manfredo"]
[Result "0-1"]
[WhiteElo "1322"]
[BlackElo "1531"]
[Opening "Four knights: Italian variation"]
[ECO "C55"]
[Time "12:16:23"]
[TimeControl "2700+45"]

1. e4 e5 2. Nf3 Nc6 3. Bc4 Nf6 4. Nc3 Nxe4 5. Nxe4 d5 6. Bxd5 Qxd5 7. d3 Bg4 8.
Ned2 Nd4 9. c4 Nxf3+ 10. Nxf3 Qc6 11. O-O Bxf3 12. Qxf3 Qxf3 13. gxf3 O-O-O 14.
Re1 f6 15. f4 Bb4 16. Rd1 Rhe8 17. a3 Bc5 18. fxe5 Rxe5 19. Bf4 Re2 20. b4 Bxf2+
21. Kf1 Rc2 22. Rac1 Rxc1 23. Bxc1 Bh4 24. d4 Re8 25. c5 Bg5 26. Bb2 Re4 27. d5
Kd7 28. d6 c6 29. Kf2 Bh4+ 30. Kf3 Rc4 31. Rg1 g6 32. h3 Rc2 33. Bc1 Rc3+ 34.
Kg4 Rc4+ 35. Kf3 Rc3+ 36. Kg4 Rc4+ 37. Kf3 f5 38. Kg2 Rc2+ 39. Kf3 Rh2 {White
resigns} 0-1

[Event "Team 45 45 League T90"]
[Site "Internet Chess Club"]
[Date "2021.10.06"]
[Round "1"]
[White "mongmong"]
[Black "Kingofknights"]
[Result "1-0"]
[WhiteElo "1527"]
[BlackElo "1496"]
[Opening "Queen's pawn game"]
[ECO "D04"]
[Time "18:30:14"]
[TimeControl "2700+45"]

1. d4 d5 2. Nf3 Nf6 3. e3 a6 4. Bd3 Bg4 5. Nbd2 e6 6. h3 Bh5 7. O-O Bg6 8. Qe2
Bxd3 9. Qxd3 c5 10. c3 Nc6 11. b3 cxd4 12. cxd4 Nb4 13. Qe2 Be7 14. a3 Nc6 15.
Bb2 O-O 16. Rac1 Qb6 17. b4 Rfc8 18. Nb3 Ne4 19. Nc5 Nd6 20. Ne5 Nxe5 21. dxe5
Nc4 22. Nd3 Nxb2 23. Qxb2 Qb5 24. Rfd1 Rc4 25. Ne1 Rac8 26. Nf3 Qd7 27. Rxc4
Rxc4 28. Nd2 Rc7 29. Rc1 b5 30. Rxc7 Qxc7 31. Nb1 f6 32. exf6 Bxf6 33. Qd2 Qc4
34. Qd1 g6 35. g3 Kf7 36. Kg2 e5 37. Qf3 Ke6 38. Nd2 Qc2 39. Qg4+ Qf5 40. Qxf5+
gxf5 41. Kf3 e4+ 42. Ke2 Bb2 43. Nb1 d4 44. exd4 Bxd4 45. Nd2 Bb2 46. Nb1 Kd5
47. Kd2 Kc4 48. Kc2 Bd4 49. Nd2+ Kd5 50. f3 e3 51. Nb1 Kc4 52. g4 f4 53. h4 Kd5
54. Kd3 h6 55. Nc3+ Ke5 56. Nb1 Bb2 57. Kc2 Kd4 58. g5 hxg5 59. hxg5 Kd5 60.
Kxb2 Ke6 61. Kc3 Kf5 62. Kd3 Kxg5 63. Ke2 Kf5 64. Nc3 Ke5 65. Kd3 Kf5 66. Ne2
Ke5 67. Nc3 Kf5 68. Kd4 {Black resigns} 1-0

[Event "Team 45 45 League T90"]
[Site "Internet Chess Club"]
[Date "2021.10.08"]
[Round "1"]
[White "Conjurer"]
[Black "WzeroMN"]
[Result "0-1"]
[WhiteElo "1130"]
[BlackElo "1080"]
[Opening "Queen's bishop game"]
[ECO "D02"]
[Time "13:04:59"]
[TimeControl "2700+45"]

1. d4 d5 2. Nf3 Nf6 3. Bf4 Bg4 4. e3 e6 5. Be2 Bd6 6. O-O Bxf4 7. exf4 O-O 8.
Nbd2 Qd6 9. Ne5 Bxe2 10. Qxe2 Nc6 11. c3 Nd7 12. Ndf3 f6 13. Nxc6 Qxc6 14. Rae1
Rae8 15. Nd2 f5 16. Nf3 Nf6 17. Ne5 Qd6 18. Qf3 Ne4 19. Re2 a5 20. a4 c5 21. g4
fxg4 22. Qxg4 Nf6 23. Qh4 cxd4 24. cxd4 Qb4 25. f3 Qxd4+ 26. Kh1 Qxa4 27. Rg2
Qb5 28. Rfg1 Re7 29. Rg5 Qe8 30. Qh6 Kh8 31. Rxg7 Rg8 32. Qxf6 Rgxg7 33. Rxg7
Rxg7 34. h4 Qg8 35. Ng4 Qf7 36. Qd8+ Qg8 37. Qf6 Qf7 38. Qe5 Qg6 39. Qb8+ Rg8
40. Qe5+ Qg7 41. h5 Qxe5 42. fxe5 Rg5 43. Nf6 Rxe5 44. Kg2 Re2+ 45. Kg3 d4 46.
h6 d3 47. Ne4 d2 48. Nf2 Rxf2 49. Kxf2 d1=Q {White resigns} 0-1

[Event "Team 45 45 League T90"]
[Site "Internet Chess Club"]
[Date "2021.10.09"]
[Round "1"]
[White "oldbookseller"]
[Black "howah45"]
[Result "0-1"]
[WhiteElo "880"]
[BlackElo "1160"]
[Opening "Queen's pawn"]
[ECO "A40"]
[Time "12:38:57"]
[TimeControl "2700+45"]

1. d4 c6 2. e3 d5 3. Bd3 Nf6 4. h3 e6 5. Nd2 c5 6. b3 Nc6 7. Bb2 Qb6 8. Rb1 Nb4
9. Ra1 Nxd3+ 10. cxd3 Be7 11. Ngf3 O-O 12. O-O Bd7 13. e4 dxe4 14. dxe4 Rfd8 15.
Qc2 Rac8 16. e5 Nd5 17. Ne4 cxd4 18. Neg5 Rxc2 19. Bxd4 Bc5 20. Nxf7 Kxf7 21.
Rfd1 Bb5 22. a4 Be2 23. Ng5+ Kg6 24. h4 Bxd1 25. Rxd1 Bxd4 26. Nf3 Bxf2+ 27. Kh2
Nf4 28. Rxd8 Qxd8 29. h5+ Kxh5 {White resigns} 0-1

[Event "Team 45 45 League T90"]
[Site "Internet Chess Club"]
[Date "2021.10.11"]
[Round "1"]
[White "julesraider"]
[Black "seattleblues"]
[Result "1-0"]
[WhiteElo "1543"]
[BlackElo "1350"]
[Opening "QGD Slav: Dutch variation"]
[ECO "D18"]
[Time "20:00:40"]
[TimeControl "2700+45"]

1. d4 d5 2. c4 c6 3. Nc3 Nf6 4. Nf3 dxc4 5. a4 Bf5 6. e3 e6 7. Bxc4 Bb4 8. O-O
O-O 9. Na2 Bd6 10. b4 Nbd7 11. Qb3 Nb6 12. Be2 Qe7 13. a5 Nbd5 14. Ba3 Ne4 15.
Rfc1 Bg4 16. Qb2 Nc7 17. Qc2 Bf5 18. Bd3 Ng5 19. Nxg5 Bxd3 20. Qxd3 Qxg5 21. Nc3
Qh6 22. g3 Na6 23. Rab1 Rfe8 24. Ne4 Bc7 25. b5 cxb5 26. Rxb5 Rab8 27. Nd6 Bxd6
28. Bxd6 Rbd8 29. Bf4 Qg6 30. Qxg6 hxg6 31. Rxb7 Rd5 32. Ra1 e5 33. Bxe5 Rdxe5
34. dxe5 Rxe5 35. Rxa7 Nc5 36. Ra8+ Kh7 37. a6 Nd7 38. Rd8 Nb6 39. a7 {Black
resigns} 1-0

[Event "Team 45 45 League T90"]
[Site "Internet Chess Club"]
[Date "2021.10.10"]
[Round "1"]
[White "trogers41"]
[Black "olivermx"]
[Result "0-1"]
[WhiteElo "1297"]
[BlackElo "1322"]
[Opening "Ruy Lopez: Caro variation"]
[ECO "C70"]
[Time "13:31:27"]
[TimeControl "2700+45"]

1. e4 e5 2. Nf3 Nc6 3. Bb5 a6 4. Ba4 b5 5. Bb3 Nf6 6. O-O d5 7. exd5 Nxd5 8. d3
Nf6 9. a4 Bg4 10. Nbd2 Nd4 11. Bxf7+ Ke7 12. Re1 Bxf3 13. Nxf3 Nxf3+ 14. Qxf3
Kxf7 15. axb5 Qc8 16. Rxe5 Bd6 17. Re1 axb5 18. Bd2 Rxa1 19. Rxa1 Re8 20. h3 Qe6
21. g4 Qe2 22. Qxe2 Rxe2 23. Rd1 Bc5 24. Kg2 Rxf2+ 25. Kg3 Re2 26. b4 Bd6+ 27.
Kh4 h6 28. g5 hxg5+ 29. Kxg5 Re5+ 30. Kh4 Rh5# {White checkmated} 0-1

[Event "Team 45 45 League T90"]
[Site "Internet Chess Club"]
[Date "2021.10.08"]
[Round "1"]
[White "Toalla"]
[Black "Visin"]
[Result "0-1"]
[WhiteElo "1168"]
[BlackElo "1160"]
[Opening "QGD Slav defense"]
[ECO "D10"]
[Time "14:00:30"]
[TimeControl "2700+45"]

1. d4 d5 2. c4 c6 3. Bf4 Nf6 4. e3 Bf5 5. cxd5 cxd5 6. Bb5+ Bd7 7. Nc3 Qa5 8.
Bxd7+ Nbxd7 9. Qa4 Qxa4 10. Nxa4 Rc8 11. Nc3 e6 12. Nge2 Bb4 13. a3 Ba5 14. O-O
O-O 15. Rfc1 Bc7 16. Bxc7 Rxc7 17. Nb5 Rxc1+ 18. Rxc1 a6 19. Nd6 b5 20. b4 Ne8
21. Nc8 Nef6 22. Nd6 e5 23. Rc8 Rxc8 24. Nxc8 Kf8 25. dxe5 Nxe5 26. Nc3 Nc4 27.
Nb1 Ke8 28. Na7 Kd7 29. Kf1 Kc7 30. Ke2 Kb7 31. Nxb5 axb5 32. Kd3 Kc6 33. Kd4
Ng4 34. e4 dxe4 35. Kxe4 Nxf2+ 36. Kf3 Nd3 37. Ke4 Nde5 38. h4 f6 39. h5 g6 40.
hxg6 hxg6 41. g3 Nd6+ 42. Ke3 Nf5+ 43. Kf2 Nc4 44. g4 Nd4 45. Kg3 Nc2 46. Kf4
N4xa3 47. Nxa3 Nxa3 48. Ke4 Kd6 49. Kd3 Kd5 50. Kc3 Nc4 51. Kd3 Ne5+ 52. Ke3
Nxg4+ {White resigns} 0-1

[Event "Team 45 45 League T90"]
[Site "Internet Chess Club"]
[Date "2021.10.09"]
[Round "1"]
[White "Pawnchain"]
[Black "kabubi"]
[Result "1/2-1/2"]
[WhiteElo "1239"]
[BlackElo "1147"]
[Opening "Giuoco Piano"]
[ECO "C44"]
[Time "09:00:10"]
[TimeControl "2700+45"]

1. e4 e5 2. Nf3 Nc6 3. d4 exd4 4. Bc4 Bc5 5. c3 Nf6 6. e5 d5 7. exd6 Qxd6 8. O-O
O-O 9. cxd4 Nxd4 10. Nxd4 Bxd4 11. Qb3 Qc6 12. Nd2 Bf5 13. Nf3 Rad8 14. Bg5 Rd6
15. Rac1 Qb6 16. Qxb6 axb6 17. b3 c6 18. Nxd4 Rxd4 19. Bxf6 gxf6 20. Rcd1 {Game
drawn by mutual agreement} 1/2-1/2

[Event "Team 45 45 League T90"]
[Site "Internet Chess Club"]
[Date "2021.10.09"]
[Round "1"]
[White "manfredo"]
[Black "DaveTheRook"]
[Result "1-0"]
[WhiteElo "1542"]
[BlackElo "1407"]
[Opening "Robatsch defense: Pseudo-Austrian attack"]
[ECO "B06"]
[Time "15:03:25"]
[TimeControl "2700+45"]

1. e4 g6 2. d4 Bg7 3. Nc3 d6 4. f4 c6 5. Nf3 Bg4 6. Be3 Qa5 7. Be2 Nf6 8. O-O
Bxf3 9. Bxf3 e5 10. dxe5 dxe5 11. Qd6 exf4 12. Bc5 Bf8 13. Qe5+ Kd7 14. Bg4+
Nxg4 15. Rad1+ Kc8 16. Qe8+ Kc7 17. Qd8# {Black checkmated} 1-0

[Event "Team 45 45 League T90"]
[Site "Internet Chess Club"]
[Date "2021.10.08"]
[Round "1"]
[White "piirimae"]
[Black "sdcohle"]
[Result "0-1"]
[WhiteElo "1287"]
[BlackElo "1373"]
[Opening "French: Rubinstein variation"]
[ECO "C10"]
[Time "17:06:36"]
[TimeControl "2700+45"]

1. e4 e6 2. d4 d5 3. Nc3 dxe4 4. Nxe4 Nd7 5. Nf3 Ngf6 6. Nxf6+ Nxf6 7. Bd3 Be7
8. O-O O-O 9. Re1 b6 10. Be4 Nxe4 11. Rxe4 Bb7 12. Rg4 Bf6 13. c3 c5 14. Bg5
Bxf3 15. Bxf6 Bxg4 16. Bxd8 Bxd1 17. Be7 Rfe8 18. Bxc5 bxc5 19. Rxd1 cxd4 20.
Rxd4 Red8 {White resigns} 0-1

[Event "Team 45 45 League T90"]
[Site "Internet Chess Club"]
[Date "2021.10.09"]
[Round "1"]
[White "tamky70"]
[Black "smsxman"]
[Result "0-1"]
[WhiteElo "1209"]
[BlackElo "1256"]
[Opening "QGD semi-Slav: 5.e3"]
[ECO "D45"]
[Time "14:00:21"]
[TimeControl "2700+45"]

1. d4 d5 2. c4 e6 3. Nc3 Nf6 4. Nf3 c6 5. e3 Bb4 6. Qc2 Nbd7 7. a3 Bxc3+ 8. bxc3
O-O 9. Be2 Qa5 10. Nd2 e5 11. O-O e4 12. Bb2 Qc7 13. Qd1 Nb6 14. c5 Nbd7 15. f4
b6 16. Nb3 a5 17. cxb6 Qxb6 18. Qc2 Rb8 19. Rab1 Qxb3 20. Qxb3 Rxb3 21. Kf2 c5
22. Rfc1 c4 23. Rc2 Nb6 24. Bd1 Nbd7 25. Rcc1 Rb6 26. Ba1 Rxb1 27. Rxb1 Ba6 28.
Ba4 Rb8 29. Rxb8+ Nxb8 30. h3 Nbd7 31. Bc2 Nb6 32. a4 Bc8 33. Bb2 Bd7 34. Ba3
Bxa4 35. Bc5 Bxc2 36. Bxb6 a4 37. Bc5 Nd7 38. Ba3 Bb3 39. g4 h6 40. h4 f6 41. f5
Kh7 42. Kg3 g6 43. fxg6+ Kxg6 44. Kf4 Bd1 45. h5+ Kh7 46. Kf5 Bf3 47. Bb4 Kg7
48. Bd6 Kf7 49. Ba3 Nb6 50. Bb4 Nc8 51. Bc5 Ne7+ 52. Kf4 Nc6 53. Ba3 Nd8 54. Bc5
Ne6+ 55. Kg3 Nxc5 {White resigns} 0-1

[Event "Team 45 45 League T90"]
[Site "Internet Chess Club"]
[Date "2021.10.07"]
[Round "1"]
[White "burlap"]
[Black "dwmt"]
[Result "1-0"]
[WhiteElo "1070"]
[BlackElo "1115"]
[Opening "Queen's pawn: English defense"]
[ECO "A40"]
[Time "20:00:29"]
[TimeControl "2700+45"]

1. d4 b6 2. Bf4 d6 3. e3 Bb7 4. Nf3 Nf6 5. h3 e6 6. Nbd2 g6 7. Bd3 Bg7 8. O-O
O-O 9. Re1 d5 10. c3 Nbd7 11. Ne5 c5 12. Ndf3 c4 13. Bc2 a6 14. Nxd7 Nxd7 15. e4
Nf6 16. e5 Nd7 17. Qd2 b5 18. Bh6 f5 19. Bxg7 Kxg7 20. Qg5 h6 21. Qxd8 Raxd8 22.
Kf1 g5 23. h4 g4 24. Ng1 h5 25. g3 Kh6 26. Ne2 Rde8 27. Nf4 a5 28. Rab1 Re7 29.
b3 Rb8 30. bxc4 bxc4 31. Rb5 Nf8 32. Rxa5 Ng6 33. Nxg6 Kxg6 34. Rb1 Ra8 35. Rxb7
Rxa5 36. Rxe7 Rxa2 37. Bd1 Ra3 38. Rxe6+ Kf7 39. Rf6+ Ke7 40. Rxf5 Rxc3 41. Rxh5
Rd3 42. Bxg4 Rxd4 43. f3 c3 44. Ke2 c2 45. Rh7+ Kf8 46. Rc7 Rc4 47. Rxc4 dxc4
48. Kd2 Kg7 49. Kxc2 Kg6 50. Kc3 {Black resigns} 1-0

[Event "Team 45 45 League T90"]
[Site "Internet Chess Club"]
[Date "2021.10.07"]
[Round "1"]
[White "rookmaster23"]
[Black "fhunfi"]
[Result "0-1"]
[WhiteElo "1656"]
[BlackElo "1767"]
[Opening "French: Winawer, advance variation"]
[ECO "C16"]
[Time "21:30:16"]
[TimeControl "2700+45"]

1. e4 e6 2. d4 d5 3. Nc3 Bb4 4. e5 b6 5. a3 Bf8 6. f4 Ne7 7. Nf3 h5 8. Bd3 Ba6
9. Bxa6 Nxa6 10. Qd3 Nb8 11. Bd2 Nf5 12. a4 a5 13. Nd1 Qd7 14. Ne3 Nxe3 15. Bxe3
Nc6 16. c3 Ne7 17. Qb5 Nf5 18. Kf2 Be7 19. Bd2 Qxb5 20. axb5 Kd7 21. Ra2 c6 22.
bxc6+ Kxc6 23. Rha1 Kb7 24. b4 axb4 25. Rxa8 Rxa8 26. Rxa8 Kxa8 27. cxb4 Kb7 28.
b5 Kc7 29. h3 h4 30. Ne1 Nxd4 31. Nf3 Nxb5 32. Ng5 Bxg5 33. fxg5 Nd4 34. Bc3 Nf5
35. Kf3 g6 36. Be1 Kd7 37. Bf2 b5 38. Ke2 Kc6 39. Kd3 d4 40. Bxd4 Nxd4 41. Kxd4
b4 42. Kc4 b3 43. Kxb3 Kd5 44. Kc3 Kxe5 45. Kd3 Kf4 46. Kd4 e5+ 47. Kd5 e4 48.
Kd4 Kf5 49. Ke3 Ke5 50. Kf2 Kd4 {White resigns} 0-1